Map: Ruins of Seras

Players

MethodMan - Winner!

  • Race: Zerg Zerg
  • League: Gold

Saadistic

  • Race: Protoss Protoss
  • League: Platinum

VOD

Have the link to the VOD?

Description

Time

  • Played on: Nov. 17, 2015, 1:31 a.m.
  • Length: 11:27
Show
View Real Time Build Order
Export as new Build Order

MethodMan Zerg - Winner!

Build Orders: Hatch First 

Get SALT Encoding   

  12  0:01  Drone  
  13  0:13  Overlord  
  13  0:18  Drone  
  14  0:31  Drone x2  
  16  0:36  Drone  
  17  0:46  Drone  
  18  0:58  Hatchery  
  18  1:03  Drone  
  18  1:13  Spawning Pool  
  18  1:16  Drone  
  18  1:20  Drone  
  18  1:24  Extractor  
  18  1:32  Drone  
  18  1:39  Drone  
  20  1:51  Drone  
  21  2:03  Overlord  
  21  2:10  Queen  
  21  2:11  Queen  
  21  2:12  Drone x2  
  27  2:23  Zergling x2  
  27  2:26  Drone  
  29  2:33  Drone x2  
  31  2:38  Roach Warren  
  31  2:40  Extractor  
  31  2:43  Evolution Chamber, Drone  
  31  2:44  Drone  
  30  2:55  Drone  
  30  2:56  Drone  
  32  3:05  Overlord  
  32  3:07  Overlord  
  32  3:11  Zerg Ground Armor Level 1  
  32  3:15  Drone  
  33  3:21  Drone  
  33  3:29  Queen  
  35  3:35  Roach x4  
  35  3:36  Roach  
  45  3:47  Overlord  
  45  3:52  Roach x3  
  51  4:08  Drone x2  
  51  4:09  Roach x3  
  59  4:18  Overlord x2  
  59  4:27  Drone  
  60  4:46  Drone x4  
  60  4:47  Drone  
  60  4:50  Lair  
  65  4:54  Drone x4  
  65  4:55  Drone  
  65  4:57  Extractor  
  65  4:59  Extractor  
  68  5:05  Drone x2  
  68  5:06  Drone  
  71  5:18  Hatchery  
  62  5:49  Roach x3  
  70  5:50  Roach x5  
  76  6:01  Zerg Missile Weapons Level 1  
  76  6:07  Overlord  
  76  6:08  Overlord x2  
  76  6:19  Glial Reconstitution  
  76  6:33  Drone x3, Hydralisk Den  
  76  6:34  Drone x5  
  76  6:35  Drone x2  
  85  6:40  Overlord  
  87  6:47  Ravager x4  
  87  6:50  Drone x3  
  87  6:53  Overseer  
  92  6:58  Drone x3  
  92  7:00  Overlord  
  97  7:01  Roach x2  
  99  7:13  Roach x5  
  99  7:14  Roach  
  111  7:23  Zergling x6  
  111  7:24  Zergling x6  
  111  7:26  Metabolic Boost  
  117  7:32  Extractor  
  117  7:34  Drone x2, Extractor  
  117  7:35  Drone  
  117  7:36  Drone x2  
  120  7:37  Overlord  
  120  7:39  Drone  
  121  7:56  Hydralisk x3, Roach  
  129  8:00  Overlord x3  
  129  8:04  Muscular Augments  
  129  8:21  Hydralisk x2, Roach  
  129  8:22  Hydralisk x5, Roach x2  
  129  8:23  Hydralisk  
  151  8:27  Hatchery  
  150  8:42  Hydralisk  
  150  8:43  Hydralisk  
  150  8:45  Overlord x3  
  150  8:46  Overlord  
  154  8:50  Zerg Ground Armor Level 2  
  154  9:14  Hydralisk  
  154  9:15  Hydralisk x4  
  154  9:16  Lurker Den, Hydralisk  
  116  9:39  Hydralisk  
  116  9:41  Roach x5  
  116  9:42  Roach x4  
  125  9:52  Roach x4  
  133  9:53  Roach x6  
  133  9:54  Roach x2  
  133  9:59  Queen  
  151  10:02  Drone x4  
  151  10:03  Drone x2  
  157  10:14  Hydralisk  
  157  10:15  Hydralisk x3  
  165  10:23  Roach  
  165  10:24  Roach x6  
  165  10:25  Roach  
  171  10:44  Roach x4  
  171  10:45  Roach x4  
  183  10:54  Drone x2  
  183  10:55  Drone x4  
  189  11:00  Hydralisk  
Show
View Real Time Build Order
Export as new Build Order

Saadistic Protoss 

Build Orders:  

Get SALT Encoding   

  12  0:01  Probe (Chrono Boost)  
  13  0:15  Pylon  
  13  0:18  Probe (Chrono Boost)  
  14  0:29  Probe (Chrono Boost)  
  15  0:39  Probe (Chrono Boost)  
  16  0:44  Gateway  
  16  0:47  Assimilator  
  16  0:50  Probe (Chrono Boost)  
  17  1:02  Probe (Chrono Boost)  
  18  1:13  Probe (Chrono Boost)  
  19  1:18  Pylon  
  19  1:23  Probe (Chrono Boost)  
  20  1:31  Cybernetics Core  
  20  1:32  Zealot  
  22  1:40  Probe (Chrono Boost)  
  23  1:50  Probe (Chrono Boost)  
  25  2:01  Probe (Chrono Boost)  
  25  2:07  Adept  
  27  2:12  Mothership Core (Chrono Boost)  
  27  2:13  Pylon  
  29  2:29  Assimilator  
  29  2:30  Probe (Chrono Boost)  
  30  2:42  Nexus  
  30  2:43  Pylon  
  30  2:50  Stalker (Chrono Boost)  
  31  2:52  Probe (Chrono Boost)  
  32  3:07  Probe  
  33  3:18  Adept (Chrono Boost)  
  33  3:19  Probe  
  36  3:24  Robotics Facility  
  36  3:27  Gateway  
  36  3:31  Probe  
  37  3:40  Pylon  
  37  3:42  Pylon  
  37  3:44  Probe  
  38  3:51  Warp Gate (Chrono Boost)  
  38  3:54  Adept  
  40  3:55  Probe  
  40  3:56  Probe  
  42  4:06  Probe  
  43  4:12  Probe  
  43  4:17  Probe  
  44  4:18  Observer  
  44  4:19  Adept  
  44  4:21  Adept  
  50  4:24  Probe  
  50  4:27  Probe  
  52  4:36  Probe  
  52  4:38  Probe  
  54  4:46  Adept  
  54  4:48  Probe x2  
  54  4:49  Adept  
  60  4:54  Gateway  
  60  5:00  Probe  
  60  5:01  Probe  
  62  5:08  Immortal  
  62  5:12  Probe x2  
  67  5:20  Stalker x2  
  72  5:23  Probe  
  72  5:25  Probe  
  72  5:27  Pylon  
  70  5:53  Pylon  
  70  5:55  Assimilator  
  70  5:59  Assimilator  
  70  6:06  Nexus  
  70  6:08  Pylon  
  70  6:09  Probe  
  70  6:11  Probe  
  76  6:12  Immortal (Chrono Boost)  
  76  6:19  Adept  
  76  6:24  Probe  
  78  6:26  Probe  
  78  6:31  Pylon  
  78  6:32  Stalker x2  
  82  6:33  Pylon  
  82  6:39  Probe  
  85  6:43  Forge  
  85  6:45  Forge  
  85  6:48  Pylon  
  85  6:50  Immortal (Chrono Boost)  
  89  6:55  Stalker  
  89  6:57  Stalker x2  
  89  6:58  Probe  
  89  6:59  Probe  
  97  7:08  Twilight Council  
  95  7:16  Probe, Robotics Bay  
  95  7:17  Probe  
  95  7:18  Protoss Ground Weapons Level 1 (Chrono Boost)  
  95  7:22  Protoss Ground Armor Level 1 (Chrono Boost)  
  97  7:24  Sentry  
  97  7:27  Sentry  
  97  7:28  Sentry  
  103  7:37  Probe  
  103  7:38  Probe  
  103  7:39  Probe  
  103  7:43  Immortal (Chrono Boost)  
  110  7:49  Stalker  
  110  7:51  Stalker  
  114  7:53  Probe  
  114  7:56  Pylon  
  115  8:05  Assimilator  
  115  8:06  Stalker  
  115  8:07  Assimilator  
  117  8:18  Blink (Chrono Boost)  
  117  8:19  Probe  
  117  8:20  Probe  
  117  8:21  Probe, Disruptor  
  123  8:29  Probe  
  123  8:32  Probe  
  123  8:33  Probe  
  126  8:34  Stalker  
  126  8:35  Stalker  
  130  8:43  Stalker  
  130  8:47  Probe  
  133  8:55  Nexus  
  133  8:56  Pylon  
  133  8:59  Protoss Ground Armor Level 2 (Chrono Boost)  
  133  9:07  Protoss Ground Weapons Level 2 (Chrono Boost)  
  133  9:13  Probe  
  133  9:14  Probe x2, Disruptor  
  139  9:19  Stalker  
  139  9:24  Probe  
  141  9:26  Probe x2  
  123  9:36  Zealot x2  
  103  9:44  Stalker  
  87  9:50  Immortal (Chrono Boost)  
  79  9:59  Gateway  
  79  10:01  Gateway  
  79  10:04  Gateway  
  79  10:06  Gateway  
  75  10:08  Stalker x3  
  68  10:36  Zealot x3  
  72  10:45  Disruptor (Chrono Boost)  
  67  10:53  Gateway  
  67  10:56  Stalker  
  66  10:57  Stalker x2  
  66  11:01  Stalker x4  
  72  11:04  Probe x2  
Tags
 
Add a new tag
Caveats
  • Supply blocks, unpowered buildings, or Contaminate may cause inaccurate times.
  • Supply counts are checked every 10 seconds.